 Dungeon Crawl Stone Soup version 0.24-a0-420-g24607be (webtiles) character file.

Game seed: 13520286550774726286

686158 MatthieuS the Slayer (level 27, -27/206 HPs)
             Began as a Human Wanderer on June 8, 2019.
             Was the Champion of Kikubaaqudgha.
             Killed from afar by a hellion (39 damage)
             ... with damnation
             ... on level 6 of Gehenna on June 11, 2019.
             The game lasted 08:37:38 (90830 turns).

MatthieuS the Slayer (Human Wanderer)              Turns: 90830, Time: 08:37:39

Health: -27/206    AC: 31    Str: 22      XL:     27
Magic:  4/43       EV: 19    Int: 29      God:    Kikubaaqudgha [******]
Gold:   4083       SH: 23    Dex: 13 (14) Spells: 1/67 levels left

rFire    + + +     SeeInvis .   a - +18 lance "Wyrmbane" {slay drac, rPois rF+ rC+ AC+3}
rCold    + + .     Gourm    .   Y - +5 shield "Goshy" {Str+5}
rNeg     + . .     Faith    .   O - quicksilver dragon scales
rPois    +         Spirit   .   n - +2 helmet {Int+3}
rElec    .         Reflect  +   N - scarf {rC+ rF+}
rCorr    .         Harm     .   B - +2 pair of gloves of the Gate {rPois rF+ MR++}
MR       +++++                  s - +2 pair of boots
Stlth    ++++++....             V - amulet "Cotos" {Reflect Dex+2 SH+4}
HPRegen  0.44/turn              L - +5 ring of protection
MPRegen  0.28/turn              U - ring "Luaw" {rN+ Int+6}

@: deflect missiles
A: clumsy 1, deterioration 1, frail 1, low mp 1, screaming 1
}: 4/15 runes: decaying, serpentine, silver, abyssal
a: Receive Corpses, Torment, Renounce Religion


You were on level 6 of Gehenna.
You worshipped Kikubaaqudgha.
Kikubaaqudgha was exalted by your worship.
You were not hungry.

You visited 15 branches of the dungeon, and saw 63 of its levels.
You visited the Abyss 1 time.
You also visited: Trove and Ice Cave.

You collected 10625 gold pieces.
You spent 6542 gold pieces at shops.

Inventory:

Hand Weapons
 a - the +18 lance "Wyrmbane" (weapon) {slay drac, rPois rF+ rC+ AC+3}
   (You bought it in a shop on level 4 of the Dungeon)

   It affects your AC (+3).
   It protects you from fire.
   It protects you from cold.
   It protects you from poison.
Armour
 n - a +2 helmet of intelligence (worn)
   (You found it on level 12 of the Dungeon)
 r - the +6 large shield "Eniatyaneam" {+Fly rC+ Str+2 Slay+2}
   (You found it on level 3 of the Abyss)

   It affects your strength (+2).
   It affects your accuracy and damage with ranged weapons and melee attacks
   (+2).
   It protects you from cold.
   It lets you fly.
 s - a +2 pair of boots (worn)
   (You found it on level 6 of the Dungeon)
 B - the +2 pair of gloves of the Gate (worn) {rPois rF+ MR++}
   (You found it on level 2 of the Crypt)

   It protects you from fire.
   It protects you from poison.
   It affects your resistance to hostile enchantments.
 N - a scarf of resistance (worn)
   (You acquired it on level 2 of the Snake Pit)
 O - quicksilver dragon scales (worn)
   (You found it on level 5 of the Vaults)
 Y - the +5 shield "Goshy" (worn) {Str+5}
   (You took it off Donald on level 4 of the Vaults)

   It affects your strength (+5).
Magical Staves
 q - an uncursed staff of death
   (You found it on level 5 of the Vaults)
 w - an uncursed staff of energy {!a}
   (You found it on level 14 of the Dungeon)
Jewellery
 f - the amulet of the Cast Vote {Acrobat rC+++ MR+ Dex-3 Slay+2}
   (You found it on level 4 of the Depths)

   [amulet of the acrobat]

   It helps you evade while moving and waiting.
   It affects your dexterity (-3).
   It affects your accuracy and damage with ranged weapons and melee attacks
   (+2).
   It renders you almost immune to cold.
   It affects your resistance to hostile enchantments.
 i - an uncursed ring of resist corrosion
   (You found it on level 2 of the Dungeon)
 j - the amulet "Suyrghina" {Gourm rElec}
   (You bought it in a shop on level 1 of the Snake Pit)

   [amulet of the gourmand]

   It allows you to eat raw meat even when not hungry.
   It insulates you from electricity.
 z - an uncursed ring of see invisible
   (You found it on level 14 of the Dungeon)
 D - an uncursed ring of protection from cold
   (You took it off a hobgoblin on level 3 of the Dungeon)
 L - a +5 ring of protection (left hand)
   (You found it on level 4 of the Abyss)
 T - the ring of the Final Nights {rF++ rN+ Dex+4}
   (You found it on level 3 of the Crypt)

   [ring of positive energy]

   It affects your dexterity (+4).
   It greatly protects you from fire.
   It protects you from negative energy.
 U - the ring "Luaw" (right hand) {rN+ Int+6}
   (You found it on level 3 of the Crypt)

   [ring of positive energy]

   It affects your intelligence (+6).
   It protects you from negative energy.
 V - the amulet "Cotos" (around neck) {Reflect Dex+2 SH+4}
   (You found it on level 3 of the Crypt)

   [amulet of reflection]

   It shields you and reflects attacks.
   It affects your dexterity (+2).
   It affects your SH (+4).
 W - an uncursed ring of wizardry
   (You took it off an orc on level 11 of the Dungeon)
 X - an uncursed ring of magical power
   (You found it on level 5 of the Depths)
Wands
 l - a wand of clouds (7)
   (You found it on level 1 of the Crypt)
 v - a wand of digging (20)
   (You found it on level 3 of the Swamp)
 x - a wand of acid (22)
   (You found it on level 4 of the Depths)
Scrolls
 g - 20 scrolls of remove curse {@r2}
 p - 9 scrolls of immolation {!r}
 y - 4 scrolls of magic mapping
 C - 6 scrolls of fear
 E - 5 scrolls of amnesia
 H - a scroll of blinking
 J - 7 scrolls of fog
 P - 11 scrolls of identify {@r1}
 Q - 2 scrolls of holy word
 R - 4 scrolls of vulnerability {!r}
 S - a scroll of summoning
 Z - 20 scrolls of teleportation {@r4}
Potions
 b - 2 potions of cancellation
 c - 2 potions of invisibility
 h - a potion of berserk rage
 k - 3 potions of curing {@q1}
 m - a potion of ambrosia
 o - a potion of magic
 t - a potion of might
 u - 2 potions of agility
 A - 8 potions of mutation {!q}
 F - 4 potions of brilliance
 G - 5 potions of flight
 I - 2 potions of haste {@q3}
 M - 2 potions of resistance
Miscellaneous
 K - 3 phantom mirrors
Comestibles
 d - 7 chunks of flesh
 e - 56 rations


   Skills:
 - Level 21.5 Fighting
   Level 2.1 Short Blades
   Level 3.0(9.7) Axes
 - Level 13.8(14.0) Polearms
 - Level 1.0 Throwing
 - Level 10.0 Armour
 - Level 14.2 Dodging
 - Level 16.4 Stealth
 - Level 15.0 Shields
 - Level 20.8 Spellcasting
   Level 2.5 Conjurations
 - Level 4.0 Hexes
 - Level 11.2 Charms
 - Level 20.4 Necromancy
 + Level 12.7 Transmutations
   Level 2.0 Fire Magic
 - Level 12.3 Ice Magic
 - Level 8.7 Air Magic
 - Level 8.0 Earth Magic
   Level 4.5 Poison Magic
 - Level 3.6 Evocations


You had one spell level left.
You knew the following spells:

 Your Spells              Type           Power        Failure   Level  Hunger
a - Silence               Hex/Air        ######....   3%          5    None
b - Animate Dead          Necr           N/A          0%          4    None
c - Sublimation of Blood  Necr           #######...   0%          2    None
d - Dispel Undead         Necr           #######.     0%          5    None
e - Regeneration          Chrm/Necr      #######...   0%          3    None
f - Borgnjor's Vile Clut  Necr/Erth      #######...   1%          5    None
g - Necromutation         Tmut/Necr      #######...   13%         8    #####..
h - Spectral Weapon       Hex/Chrm       ######..     1%          3    None
i - Simulacrum            Ice/Necr       #######...   1%          6    None
j - Death Channel         Necr           #######...   1%          6    None
k - Apportation           Tloc           ####..       1%          1    None
l - Vampiric Draining     Necr           #######...   0%          3    None
m - Infestation           Necr           #######...   2%          8    #####..
r - Deflect Missiles      Chrm/Air       ######....   4%          6    None
z - Animate Skeleton      Necr           N/A          0%          1    None

Your spell library contained the following spells:

 Spells                   Type           Power        Failure   Level  Hunger
 Freeze                   Ice            ####         0%          1    None
 Pain                     Necr           ####         0%          1    None
 Confusing Touch          Hex            ######       1%          1    None
 Corona                   Hex            ######.      1%          1    None
 Flame Tongue             Conj/Fire      #####        1%          1    None
 Infusion                 Chrm           ####         1%          1    None
 Sandblast                Erth           ######       1%          1    None
 Shock                    Conj/Air       ####         1%          1    None
 Sting                    Conj/Pois      ####         1%          1    None
 Summon Butterflies       Summ           ####....     1%          1    None
 Summon Small Mammal      Summ           ####         1%          1    None
 Corpse Rot               Necr           N/A          0%          2    None
 Agony                    Necr           #######.     0%          5    None
 Ensorcelled Hibernation  Hex/Ice        ######       1%          2    None
 Passwall                 Tmut/Erth      ######..     1%          2    None
 Poisonous Vapours        Pois/Air       ######       1%          2    None
 Shroud of Golubria       Chrm/Tloc      ######       1%          2    None
 Slow                     Hex            ######..     1%          2    None
 Song of Slaying          Chrm           #######.     1%          2    None
 Swiftness                Chrm/Air       ######..     1%          2    None
 Throw Flame              Conj/Fire      #####.       1%          2    None
 Throw Frost              Conj/Ice       ######       1%          2    None
 Confuse                  Hex            ######..     1%          3    None
 Dazzling Spray           Conj/Hex       #####.       1%          3    None
 Ignite Poison            Fire/Tmut/Pois ######..     1%          3    None
 Inner Flame              Hex/Fire       #####...     1%          3    None
 Mephitic Cloud           Conj/Pois/Air  ######..     1%          3    None
 Spider Form              Tmut/Pois      ######....   1%          3    None
 Static Discharge         Conj/Air       ######..     1%          3    None
 Stone Arrow              Conj/Erth      ######       1%          3    None
 Tukima's Dance           Hex            ######..     1%          3    None
 Airstrike                Air            ######....   1%          4    None
 Ice Form                 Ice/Tmut       #######.     1%          4    None
 Leda's Liquefaction      Hex/Erth       ######....   1%          4    None
 Petrify                  Tmut/Erth      ######..     1%          4    None
 Summon Ice Beast         Ice/Summ       ######..     1%          4    None
 Throw Icicle             Conj/Ice       ######..     1%          4    None
 Alistair's Intoxication  Tmut/Pois      ######..     1%          5    None
 Bolt of Draining         Conj/Necr      #######...   1%          5    None
 Lee's Rapid Deconstruct  Erth           ######....   1%          5    None
 Metabolic Englaciation   Hex/Ice        ######....   1%          5    None
 Yara's Violent Unravell  Hex/Tmut       ######....   1%          5    None
 Hydra Form               Tmut           #######...   1%          6    None
 Ozocubu's Refrigeration  Ice            #######...   1%          6    None
 Call Imp                 Summ           ####....     2%          2    None
 Conjure Flame            Conj/Fire      #####...     2%          3    None
 Portal Projectile        Hex/Tloc       #####.       2%          3    None
 Summon Guardian Golem    Hex/Summ       #####...     2%          3    None
 Olgreb's Toxic Radiance  Pois           ######..     2%          4    None
 Irradiate                Conj/Tmut      ######....   2%          5    None
 Borgnjor's Revivificati  Necr           #######...   2%          8    #####..
 Cause Fear               Hex            ######....   3%          4    None
 Summon Lightning Spire   Summ/Air       ######..     3%          4    None
 Iskenderun's Battlesphe  Conj/Chrm      ######..     3%          5    None
 Statue Form              Tmut/Erth      ######...    3%          6    None
 Lightning Bolt           Conj/Air       ######....   4%          5    None
 Call Canine Familiar     Summ           ####....     5%          3    None
 Gell's Gravitas          Tloc           ####......   5%          3    None
 Recall                   Summ/Tloc      N/A          5%          3    None
 Sticky Flame             Conj/Fire      #####...     7%          4    None
 Bolt of Magma            Conj/Fire/Erth ######....   9%          5    None
 Dragon Form              Tmut           #######...   9%          7    ###....
 Force Lance              Conj/Tloc      #####...     11%         4    None
 Freezing Cloud           Conj/Ice/Air   ######....   11%         6    None
 Venom Bolt               Conj/Pois      ######....   12%         5    None
 Bolt of Cold             Conj/Ice       ######....   13%         6    None
 Death's Door             Chrm/Necr      #######...   19%         8    #####..
 Fireball                 Conj/Fire      #####.....   21%         5    None
 Summon Mana Viper        Hex/Summ       #####...     22%         5    None
 Haunt                    Necr/Summ      ######....   22%         7    ###....
 Iron Shot                Conj/Erth      ######....   32%         6    None
 Aura of Abjuration       Summ           ####......   45%         5    None
 Summon Demon             Summ           ####......   45%         5    None
 Summon Forest            Summ/Tloc      ####......   45%         5    None
 Darkness                 Hex            ######....   47%         6    None
 Ring of Flames           Chrm/Fire      ######....   71%         7    ###....
 Bolt of Fire             Conj/Fire      #####.....   73%         6    None
 Dispersal                Tloc           ####......   95%         6    None
 Shadow Creatures         Summ           N/A          95%         6    None
 Orb of Destruction       Conj           #####.....   99%         7    ###....
 Spellforged Servitor     Conj/Summ      #####.....   100%        7    ###....
 Summon Hydra             Summ           ####......   100%        7    ###....
 Controlled Blink         Tloc           N/A          100%        8    #####..
 Discord                  Hex            ######....   100%        8    #####..
 Disjunction              Tloc           ####......   100%        8    #####..
 Ignition                 Fire           #####.....   100%        8    #####..
 Shatter                  Erth           ######....   100%        9    ######.


Dungeon Overview and Level Annotations

Branches:
Dungeon (15/15)            Temple (0/1) D:6            Lair (6/6) D:11
  Swamp (4/4) Lair:2        Snake (4/4) Lair:2        Slime (3/5) Lair:6
    Orc (2/2) D:12            Elf (3/3) Orc:2        Vaults (5/5) D:13
  Crypt (3/3) Vaults:2       Tomb (0/3) Crypt:3      Depths (5/5) D:15
   Hell (1/1)                 Dis (0/7) Hell            Geh (6/7) Hell
    Coc (1/7) Hell            Tar (1/7) Hell            Zot (4/5) Depths:5

Altars:
Cheibriados
Fedhas
Kikubaaqudgha
Makhleb
Nemelex Xobeh
Okawaru
Qazlal
Sif Muna
Uskayaw
Vehumet
Xom
Yredelemnul
Zin
Beogh
Lugonu

Shops:
D:4 (   D:12 (   D:14 (   Orc:1 ?   Orc:2 ?!(:   Elf:2 :   Snake:1 }}=
Vaults:5 *   Depths:1 *   Depths:2 *   Depths:4 =

Portals:
Hell: Depths:1 Depths:2 Depths:3 Depths:4 Depths:5
Abyss: Depths:1 Depths:4
Pandemonium: Depths:1 Depths:3 Depths:4
Ziggurat: Depths:5

Annotations:
Swamp:4 Mara


Innate Abilities, Weirdness & Mutations

You are clumsy. (Dex -2)
Your body sometimes deteriorates upon taking damage.
You are frail. (-10% HP)
Your magical capacity is low. (-10% MP)
You occasionally shout uncontrollably at your foes.


Message History

Your death scarab bites the flayed ghost!!
Your death scarab drains the flayed ghost's vigour!
The flayed ghost seems to slow down.
You miss the flayed ghost.
Your death scarab bites the flayed ghost!!
The flayed ghost is destroyed!
Kikubaaqudgha accepts your kill. You block the red devil's attack.
Your death scarab bites the red devil.
Attack whom?
Aim: a red devil, wielding a +0 trident (lava, severely wounded)
You reach to attack!
You barely miss the red devil.
Your death scarab bites the red devil!
The red devil dies!
Kikubaaqudgha accepts your kill.
You hear a sizzling splash.
No reachable target in view!
No reachable target in view!
A hellion comes into view.
There is a gateway to Hell here.
Eat one of 8 chunks of flesh? (ye/n/q)
You eat one of the 8 chunks of flesh.
The hellion gestures at you.
The sphere of damnation explodes!
The damnation engulfs you!!
* * * LOW HITPOINT WARNING * * *
The damnation engulfs your death scarab!!
Your death scarab is destroyed!
The damnation engulfs your death scarab!!
You hear a hideous shriek! x4; You hear a shout!
The hellion gestures at you.
The sphere of damnation explodes!
The damnation engulfs you!!!
* * * LOW HITPOINT WARNING * * *
The damnation engulfs your death scarab!
Your death scarab is destroyed!
You hear a hideous shriek! x2
The hellion gestures at you.
The sphere of damnation explodes!
The damnation engulfs you!!
* * * LOW HITPOINT WARNING * * *
Your body deteriorates!
You feel clumsy.
The damnation engulfs your death scarab!
A flying skull comes into view.
You hear a hideous shriek! x3
Okay, then.
Aim: a hellion Decaying hands burst forth from the earth!
Zombie hands grab the hellion.
The zombie hands constrict the hellion!
The hellion gestures at you.
The sphere of damnation explodes!
The damnation engulfs you!!!
You die...
Kikubaaqudgha rasps: "You have failed me!
Welcome... death!"

.....≈≈≈≈..
.≈..§§§..#
≈≈..)....#
≈≈≈.#....#
§≈..#..∩##
≈≈≈≈§.)≈..#
≈≈≈§≈≈.≈..##
.≈≈≈≈§≈s...#
..≈≈≈≈§§@###
..Z≈≈§≈..#
.§.≈.≈.≈.#
..z..2....
...≈.....
..≈.....#.
.≈.....###
....#..


You could see a hellion, a flying skull, a catoblepas zombie and a friendly
death scarab.

Vanquished Creatures
  Khufu (Crypt:1)
  2 orbs of fire
  Mennas (Depths:3)
  2 juggernauts
  4 ancient liches
  Boris (twice) (Crypt:1 Crypt:2)
  Vashnia (Snake:2)
  2 caustic shrikes (Depths:4)
  3 golden dragons
  A caustic shrike (shapeshifter) (Vaults:4)
  Nikola (Snake:4)
  A profane servitor (Abyss:3)
  3 bone dragons
  6 Brimstone Fiends
  3 electric golems
  4 liches
  2 hellephants
  8 tentacled monstrosities
  3 titans
  Asterion (Snake:2)
  3 deep elf master archers (Elf:3)
  5 quicksilver dragons
  A deep elf blademaster (Elf:2)
  An ancient champion (Crypt:1)
  Frances (Elf:1)
  An eldritch tentacle (Geh:2)
  9 tentacled starspawn
  10 shadow dragons
  2 sphinxes (Depths:4)
  10 death cobs
  4 draconian monks
  2 thorn hunters
  Donald (Vaults:4)
  2 revenants
  2 tengu reavers
  5 storm dragons
  7 nagarajas
  The ghost of mezmerelda the Brawler, a journeyman TrMo of Yredelemnul (Snake:1)
  6 fire giants
  2 iron dragons
  A daeva (Abyss:4)
  10 vault wardens
  7 draconian knights
  3 balrugs
  A ghost moth (Zot:4)
  10 frost giants
  3 draconian shifters
  2 draconian scorchers
  4 cacodemons
  9 deep elf sorcerers
  5 very ugly things
  4 deep elf elementalists
  2 draconian stormcallers
  A spriggan defender (Depths:4)
  6 reapers
  2 draconian annihilators
  7 ironheart preservers
  A ghoul (Vaults:5)
  2 ophanim (Abyss:4)
  2 curse skulls (Crypt:3)
  15 stone giants
  An angel (Abyss:4)
  4 vampire knights
  2 green draconians (Zot:3)
  A lorocyproca (Abyss:1)
  2 war gargoyles (Vaults:5)
  9 deep elf demonologists
  22 starcursed masses
  5 black draconians
  4 white draconians
  3 dire elephants (Abyss:4)
  4 purple draconians
  2 spark wasps (Depths:3)
  6 yellow draconians
  The ghost of danspanner the Warrior, a journeyman GrFi of Okawaru (Swamp:2)
  11 deep elf annihilators
  4 blizzard demons
  2 red draconians
  6 ettins
  2 eidola
  2 quicksilver dragon zombies
  12 ogre magi
  2 jiangshi
  15 fire dragons
  6 deep elf death magi
  6 deep elf high priests
  8 great orbs of eyes
  2 rakshasas
  18 yaktaur captains
  9 ice dragons
  7 naga warriors
  5 centaur warriors
  25 vault guards
  5 ghost crabs
  3 spriggan air magi
  A shambling mangrove (Swamp:1)
  3 catoblepae
  12 alligators
  6 hydras
  5 death knights
  29 two-headed ogres
  An anaconda (shapeshifter) (D:15)
  3 tengu warriors
  3 deep troll earth magi
  8 anacondas
  6 vampire magi
  4 death yaks
  11 hell hogs
  3 deep troll shamans
  2 titan zombies
  19 dancing weapons
  8 shock serpents
  A spriggan berserker (Depths:4)
  10 naga sharpshooters
  23 hell knights
  17 thrashing horrors
  19 deep elf knights
  Nergalle (Orc:2)
  Sonja (Orc:1)
  A titan skeleton (Crypt:3)
  7 wretched stars
  6 sixfirhies
  6 soul eaters
  3 storm dragon zombies
  2 shadow wraiths
  A fire crab (Vaults:3)
  10 skeletal warriors
  2 salamander mystics
  2 sun demons
  2 storm dragon skeletons
  3 anaconda zombies
  A swamp dragon (Swamp:3)
  An iron giant zombie (Crypt:2)
  3 unseen horrors
  A death drake (Vaults:3)
  7 spatial maelstroms
  A spriggan druid (Swamp:2)
  7 deep trolls
  3 glowing orange brains
  3 flayed ghosts
  A glowing orange brain (shapeshifter) (Vaults:5)
  8 phantasmal warriors
  3 spectral hydras (Swamp:4)
  2 anaconda skeletons
  4 naga ritualists
  6 deep elf archers
  2 golden dragon skeletons
  8 wizards
  5 lindwurms
  15 orc knights
  60 deep elf magi
  16 ironbrand convokers
  A frost giant zombie (Abyss:3)
  A shadow dragon skeleton (Abyss:1)
  3 harpies (Vaults:3)
  14 necromancers
  3 mana vipers
  11 orc sorcerers
  11 wolf spiders
  An iron dragon zombie (Abyss:3)
  2 tengu skeletons
  A shining eye (shapeshifter) (Elf:2)
  4 draconians (Abyss:4)
  9 moths of wrath
  25 ugly things
  2 cyclopes
  3 fire giant zombies
  14 salamanders
  2 worldbinders
  A rust devil (Depths:3)
  2 eyes of devastation
  2 manticores
  30 black mambas
  Joseph (D:9)
  3 ice statues (IceCv)
  5 vault sentinels
  3 stone giant skeletons
  An elephant (Lair:4)
  A stone giant zombie (Crypt:3)
  11 naga magi
  A dire elephant zombie (Geh:5)
  3 apocalypse crabs
  4 orange demons
  9 guardian serpents
  15 smoke demons
  A titan simulacrum (Crypt:2)
  2 gargoyles
  4 torpor snails
  3 shock serpent skeletons
  Psyche (D:10)
  3 molten gargoyles
  An emperor scorpion zombie (Geh:1)
  A white draconian zombie (Abyss:3)
  10 spiny frogs
  5 rime drakes
  3 kobold demonologists (D:15)
  5 hellions
  2 dire elephant skeletons
  4 komodo dragons
  2 efreet
  2 tormentors
  A spriggan skeleton (Vaults:3)
  10 freezing wraiths
  A yaktaur (shapeshifter) (Depths:1)
  54 yaktaurs
  2 swamp worm zombies (Swamp:4)
  2 ice devils
  A golden dragon simulacrum (Vaults:3)
  14 hellwings
  A silent spectre (Abyss:3)
  A yaktaur skeleton (Depths:1)
  5 red devils
  6 ancient zymes
  6 hydra zombies
  2 tengu conjurers
  A polar bear (D:10)
  2 meliai (shapeshifter)
  2 human skeletons (Vaults:4)
  5 trolls
  6 meliai
  2 jumping spiders (Crypt:3)
  7 tyrant leeches
  A death drake zombie (Crypt:2)
  A harpy zombie (Geh:3)
  A queen bee (shapeshifter) (Vaults:1)
  A wolf spider simulacrum (Abyss:3)
  Prince Ribbit (D:6)
  A shadow dragon simulacrum (Vaults:3)
  A hydra skeleton (Crypt:3)
  5 bog bodies
  A blink frog (Lair:6)
  A blink frog (shapeshifter) (Depths:5)
  A harpy skeleton (Geh:2)
  7 alligator zombies (Swamp:4)
  19 hornets
  3 spectral swamp dragons (Swamp:4)
  14 hippogriffs
  14 raiju
  2 meliai zombies (D:12)
  4 ettin zombies
  A snapping turtle (shapeshifter) (Vaults:5)
  32 slime creatures
  Sigmund (D:3)
  A wind drake zombie (Crypt:1)
  3 ynoxinuls
  A redback (Vaults:3)
  A fire dragon skeleton (Crypt:3)
  5 spriggans
  4 water elementals
  A tarantella (shapeshifter) (Depths:5)
  14 wraiths
  An elf simulacrum (Vaults:3)
  16 flying skulls
  10 shadows
  7 basilisks
  A hog (Lair:6)
  A black mamba zombie (Geh:5)
  4 wyverns
  12 fire elementals
  A basilisk (shapeshifter) (Depths:3)
  A fire bat (Abyss:1)
  18 large abominations
  46 yaks
  A black mamba skeleton (Geh:1)
  9 golden eyes
  3 steam dragons (Lair:6)
  2 chaos spawn
  7 neqoxecs
  A hungry ghost (D:10)
  10 insubstantial wisps
  13 vampire mosquitoes
  A human simulacrum (Vaults:3)
  27 spatial vortices
  A catoblepas simulacrum (Abyss:1)
  31 nagas
  8 wargs
  An orb spider zombie (Crypt:1)
  9 swamp worms
  A floating eye (Depths:4)
  4 hell hounds
  13 water moccasins
  3 porcupines
  2 acid dragons
  34 orc warriors
  22 ice beasts
  3 hornet zombies
  2 swamp dragon zombies (Swamp:4)
  7 eyes of draining
  An ice dragon simulacrum (Vaults:1)
  6 swamp drakes
  28 ogres
  An eye of draining (shapeshifter) (Depths:4)
  A lindwurm zombie (Crypt:2)
  8 phantoms
  7 sky beasts
  3 black bears
  18 centaurs
  4 necrophages
  8 wolves
  16 boggarts
  13 crocodiles
  A swamp dragon skeleton (Crypt:3)
  An elf zombie (Crypt:3)
  2 big kobolds
  A hog skeleton (Crypt:1)
  A komodo dragon zombie (Crypt:2)
  10 bullfrogs
  2 human zombies (Vaults:4)
  A gnoll sergeant (D:12)
  26 small abominations
  3 earth elementals
  6 wyvern skeletons
  7 scorpions
  27 killer bees
  13 wights
  A yak skeleton (Crypt:1)
  A howler monkey (D:9)
  A polar bear skeleton (Crypt:1)
  A troll skeleton (Crypt:2)
  4 electric eels
  2 lava snakes
  7 crimson imps
  9 quasits
  3 bullfrog zombies
  3 centaur zombies (D:12)
  6 iron imps
  4 jellies
  4 bullfrog skeletons
  26 orc priests
  6 centaur skeletons
  37 orc wizards
  2 hounds
  Jessica (D:1)
  6 iguanas
  14 worker ants
  An ogre skeleton (Geh:4)
  A worker ant zombie (D:8)
  2 swamp drake zombies (Swamp:4)
  19 adders
  6 shadow imps
  4 white imps
  3 ufetubi
  An ooze (D:2)
  2 adder skeletons
  An adder zombie (D:7)
  2 worms
  7 dart slugs
  6 leopard geckos
  113 orcs
  4 giant cockroaches
  6 goblins
  9 hobgoblins
  9 jackals
  4 quokkas
  8 bats
  7 frilled lizards
  2 hobgoblin skeletons
  2 jackal skeletons
  12 kobolds
  A quokka zombie (D:7)
  4 rats
  A briar patch (Swamp:1)
  A butterfly (D:6)
  5 crawling corpses (Elf:3)
  A fire vortex (Geh:4)
  A lurking horror (Abyss:4)
  2 macabre masses (Vaults:3)
  2 plants (Lair:6)
  9 starspawn tentacles
  2 withered plants (Crypt:3)
2304 creatures vanquished.

Vanquished Creatures (collateral kills)
  An orb of fire (Zot:4)
  A greater mummy (Crypt:1)
  Bai Suzhen (Vaults:5)
  Margery (Vaults:5)
  Frederick (Vaults:5)
  3 caustic shrikes (Depths:5)
  Xtahua (Crypt:2)
  A curse toe (Zot:1)
  A golden dragon (Depths:4)
  Geryon (Hell)
  3 bone dragons
  Rupert (Lair:6)
  5 liches
  Jorgrun (D:13)
  A Brimstone Fiend (Geh:3)
  9 tentacled monstrosities
  A hellephant (Abyss:4)
  A shard shrike skeleton (Crypt:1)
  2 quicksilver dragons
  3 Executioners
  3 death cobs
  Gastronok (D:8)
  2 ancient champions (Hell)
  10 tentacled starspawn
  A shadow dragon (Depths:5)
  A thorn hunter (Swamp:1)
  Kirke (Lair:6)
  A draconian monk (Zot:1)
  3 storm dragons
  13 nagarajas
  3 fire giants
  An iron dragon (Vaults:5)
  Louise (D:14)
  A deep elf sorcerer (Elf:3)
  2 balrugs
  3 vault wardens
  2 cacodemons (Abyss:3)
  Aizul (Snake:1)
  An orc warlord (Vaults:5)
  6 ironheart preservers
  3 draconian shifters
  A ghoul (Crypt:1)
  2 draconian scorchers
  7 reapers
  A spriggan defender (Depths:4)
  3 draconian annihilators
  11 very ugly things
  A war gargoyle (Hell)
  3 black draconians
  5 stone giants
  An entropy weaver (Vaults:1)
  3 vampire knights
  6 white draconians
  4 green draconians
  4 yellow draconians
  3 deep elf annihilators (Elf:3)
  2 purple draconians (Zot:2)
  4 red draconians
  7 eidola
  2 deep elf death magi
  A blizzard demon (Abyss:3)
  A mummy priest (Crypt:3)
  A green death (Abyss:3)
  2 great orbs of eyes
  A fire dragon (Vaults:4)
  5 ettins
  A quicksilver dragon zombie (Geh:2)
  2 vault guards (Vaults:3)
  An ice dragon (Vaults:5)
  12 yaktaur captains
  3 jiangshi
  A quicksilver dragon skeleton (Abyss:3)
  2 hydras
  2 anacondas (Snake:3)
  7 naga warriors
  4 death knights
  14 two-headed ogres
  A catoblepas (Abyss:4)
  4 centaur warriors
  An alligator (Swamp:3)
  7 ogre magi
  3 tengu warriors
  3 dancing weapons (Elf:2)
  25 small abominations
  4 titan zombies
  2 vampire magi
  3 death yaks (Lair:4)
  A deep troll shaman (Vaults:4)
  7 shock serpents
  3 deep troll earth magi
  6 hell hogs
  4 deep elf knights
  13 thrashing horrors
  3 soul eaters
  2 spriggan berserkers
  4 naga sharpshooters
  19 hell knights
  5 sun demons
  An iron golem (Geh:4)
  10 wretched stars
  An iron troll (Depths:3)
  6 salamander mystics
  56 starcursed masses
  2 fire crabs (Abyss:4)
  A fire crab (shapeshifter) (Vaults:5)
  6 glowing orange brains
  21 skeletal warriors
  2 sea snakes
  A storm dragon skeleton (Vaults:3)
  2 sixfirhies
  An anaconda zombie (Crypt:3)
  A shadow demon (Abyss:4)
  A death drake (shapeshifter) (Abyss:3)
  A glowing orange brain (shapeshifter) (Abyss:3)
  A death drake (Abyss:4)
  3 flayed ghosts
  2 unseen horrors (Abyss:3)
  2 swamp dragons
  2 spatial maelstroms (Abyss:3)
  4 naga ritualists
  5 deep trolls
  A golden dragon skeleton (Geh:4)
  A lindwurm (Vaults:3)
  3 deep elf archers
  7 phantasmal warriors
  2 ironbrand convokers (Vaults:4)
  A wizard (Depths:2)
  A tengu zombie (Depths:4)
  17 deep elf magi
  20 necromancers
  2 orc knights
  3 anaconda skeletons
  A harpy (shapeshifter) (Vaults:3)
  10 ugly things
  2 stone giant zombies
  An iron dragon zombie (Crypt:3)
  An orb spider (shapeshifter) (Depths:4)
  12 salamanders
  3 cyclopes
  5 mana vipers
  An orc sorcerer (Vaults:4)
  7 moths of wrath
  A manticore (shapeshifter) (Vaults:3)
  2 wolf spiders
  A sphinx skeleton (Depths:1)
  7 worldbinders
  A manticore (D:11)
  9 naga magi
  A fire giant zombie (Abyss:3)
  3 fire giant skeletons
  2 frost giant zombies
  An elephant (shapeshifter) (Vaults:2)
  A shock serpent zombie (Crypt:3)
  2 stone giant skeletons
  14 black mambas
  4 vault sentinels
  A frost giant skeleton (Vaults:4)
  An elephant (Lair:4)
  11 guardian serpents (Snake:4)
  An ice statue (Abyss:4)
  2 centaur zombies
  3 rust devils
  18 smoke demons
  3 molten gargoyles
  7 apocalypse crabs
  6 orange demons
  A gargoyle (D:14)
  2 catoblepas zombies
  6 hellions
  2 torpor snails (Lair:6)
  6 spiny frogs
  A rime drake (D:10)
  A centaur skeleton (D:13)
  A dire elephant skeleton (Crypt:3)
  An emperor scorpion zombie (Geh:2)
  2 komodo dragons
  2 efreet (Abyss:3)
  20 yaktaurs
  A yaktaur zombie (Vaults:4)
  5 tormentors
  An anaconda simulacrum (Hell)
  6 ice devils (Hell)
  10 freezing wraiths
  6 hellwings
  7 ancient zymes
  A polar bear (shapeshifter) (Abyss:3)
  7 red devils
  A catoblepas skeleton (Crypt:2)
  A guardian mummy (Crypt:3)
  2 tengu conjurers
  A silent spectre (Abyss:4)
  3 tyrant leeches
  3 trolls
  4 hornets (Lair:6)
  A queen bee (D:8)
  2 hydra zombies
  A wind drake (shapeshifter) (Vaults:5)
  2 blink frogs (Lair:6)
  9 hydra skeletons
  14 slime creatures
  29 raiju
  A fire giant simulacrum (Depths:4)
  An ettin zombie (Crypt:3)
  A hippogriff (Lair:6)
  An ettin skeleton (Vaults:4)
  A black mamba zombie (Abyss:3)
  An air elemental (Abyss:4)
  A centaur simulacrum (D:15)
  2 redbacks (Vaults:3)
  11 flying skulls
  11 ynoxinuls
  A vampire (Abyss:3)
  6 yaks
  A shadow (Geh:2)
  A spriggan (Depths:5)
  4 water elementals
  13 fire elementals
  5 hogs (Lair:6)
  2 ushabtiu (Crypt:3)
  8 wraiths
  40 large abominations
  5 golden eyes
  6 chaos spawn
  A hungry ghost (D:9)
  Grum (D:8)
  9 neqoxecs
  3 wargs
  An insubstantial wisp (Swamp:4)
  13 nagas
  A monstrous demonspawn zombie (Geh:2)
  An acid dragon (Lair:6)
  17 spatial vortices
  4 water moccasins
  A human zombie (Depths:1)
  3 swamp worms
  A merfolk skeleton (Geh:2)
  4 spiny frog zombies
  11 hell hounds
  4 snapping turtle zombies
  3 orc warriors (Vaults:5)
  3 phantoms
  2 boggarts
  An eye of draining (Abyss:3)
  14 ogres
  A wolf (D:8)
  6 centaurs
  A snapping turtle skeleton (Abyss:3)
  A crocodile (Lair:2)
  A hippogriff zombie (Crypt:2)
  A bullfrog (Lair:4)
  3 earth elementals
  A spiny frog simulacrum (Hell)
  3 human skeletons
  2 wyvern skeletons (Crypt:3)
  A scorpion (D:10)
  A swamp dragon simulacrum (Abyss:4)
  17 wights
  A howler monkey (D:10)
  An electric eel (Lair:1)
  4 crimson imps
  A quasit (Abyss:4)
  6 orc priests
  3 orc wizards
  A deep dwarf skeleton (Crypt:1)
  2 mummies (Crypt:1)
  5 adders
  A swamp drake zombie (Crypt:2)
  4 white imps
  3 ufetubi (Abyss:3)
  28 orcs
  A kobold zombie (Crypt:1)
  A leopard gecko skeleton (D:9)
  2 bushes (Abyss:4)
  3 crawling corpses (Elf:3)
  4 demonic plants (Abyss:4)
  6 fungi
  2 lurking horrors (Abyss:3)
  A macabre mass (Vaults:3)
  12 plants
  11 starspawn tentacles
  12 withered plants (Crypt:3)
1221 creatures vanquished.

Vanquished Creatures (others)
  A golden dragon (Depths:4)
  An electric golem (Zot:1)
  A deep elf blademaster (Elf:3)
  A tentacled starspawn (Depths:1)
  2 ogre magi
  A hell hog (Geh:3)
  A naga sharpshooter (Snake:4)
  A death drake (Swamp:4)
  An orc knight (Vaults:2)
  2 deep elf magi
  A tormentor (Depths:3)
  A raiju (Abyss:3)
  3 fire elementals
  An insubstantial wisp (Swamp:4)
  A hell hound (Geh:2)
  A swamp worm (Swamp:4)
  2 boggarts
  A centaur (Vaults:2)
  An iguana (Lair:6)
  2 orc wizards
  A white imp (Abyss:3)
  An ufetubus (Abyss:1)
  2 orcs
  An orc skeleton (Geh:5)
  A bush (Abyss:4)
  A demonic plant (Abyss:4)
  A fungus (Lair:5)
  4 lurking horrors
  5 plants
  40 spectral weapons
  37 starspawn tentacles
120 creatures vanquished.

Grand Total: 3645 creatures vanquished

Notes
Turn   | Place    | Note
-------+----------+-------------------------------------------
     0 | D:1      | MatthieuS the Human Wanderer began the quest for the Orb.
     0 | D:1      | MatthieuS set off with the following items: a +2 dagger, a
                  | curare-tipped dart {!f}, a ration, a +0 robe; and the
                  | following spells available to memorise: Sting, Animate
                  | Skeleton, Spider Form, Regeneration
     0 | D:1      | Reached XP level 1. HP: 16/16 MP: 2/2
     2 | D:1      | Learned a level 1 spell: Sting
   153 | D:1      | Reached XP level 2. HP: 22/22 MP: 1/3
   533 | D:1      | Reached skill level 1 in Conjurations
   806 | D:1      | Reached XP level 3. HP: 27/27 MP: 3/5
  1182 | D:1      | Learned a level 1 spell: Animate Skeleton
  1416 | D:2      | Reached XP level 4. HP: 33/33 MP: 1/7
  2391 | D:2      | Reached XP level 5. HP: 38/38 MP: 0/8
  2776 | D:2      | Noticed Jessica
  2796 | D:1      | Killed Jessica
  2906 | D:2      | Found an ancient bone altar of Kikubaaqudgha.
  2906 | D:2      | Found a stormy altar of Qazlal.
  3196 | D:2      | Became a worshipper of Kikubaaqudgha
  3496 | D:3      | Noticed Sigmund
  3515 | D:3      | Killed Sigmund
  3515 | D:3      | Reached XP level 6. HP: 13/46 MP: 1/11
  3858 | D:3      | Reached skill level 3 in Fighting
  3974 | D:3      | Reached XP level 7. HP: 50/52 MP: 12/12
  4336 | D:3      | Noticed an Executioner
  4337 | D:3      | Found a burning altar of Makhleb.
  4340 | D:3      | Found a glowing silver altar of Zin.
  4340 | D:3      | Noticed an angel
  4533 | D:3      | Found a faded altar of an unknown god.
  4645 | D:3      | Reached * piety under Kikubaaqudgha
  4645 | D:3      | Identified Kikubaaqudgha's Catalogue of Stolen Souls
                  | (Kikubaaqudgha gifted it to you on level 3 of the Dungeon)
  4645 | D:3      | Received a gift from Kikubaaqudgha
  4912 | D:3      | Learned a level 3 spell: Regeneration
  5590 | D:3      | Reached skill level 1 in Necromancy
  6129 | D:4      | Reached skill level 1 in Charms
  6665 | D:4      | Found Etariow's Weapon Emporium.
  6674 | D:4      | Reached XP level 8. HP: 56/60 MP: 7/14
  6758 | D:5      | Entered Level 5 of the Dungeon
  7020 | D:5      | Reached ** piety under Kikubaaqudgha
  7140 | D:5      | Reached skill level 4 in Fighting
  7140 | D:5      | Reached skill level 1 in Polearms
  7511 | D:5      | Found an iron altar of Okawaru.
  8075 | D:5      | Found a snail-covered altar of Cheibriados.
  8535 | D:6      | Found a shimmering altar of Xom.
  8535 | D:6      | Found a shimmering altar of Xom.
  8535 | D:6      | Found a shimmering altar of Xom.
  8535 | D:6      | Found a shimmering altar of Xom.
  8535 | D:6      | Found a shimmering altar of Xom.
  8580 | D:6      | Noticed Prince Ribbit
  8606 | D:6      | Killed Prince Ribbit
  8606 | D:6      | Reached skill level 1 in Armour
  8606 | D:6      | Reached skill level 1 in Shields
  8690 | D:6      | Found a shimmering altar of Xom.
  8690 | D:6      | Found a shimmering altar of Xom.
  8760 | D:6      | Found a staircase to the Ecumenical Temple.
  8819 | D:5      | Reached XP level 9. HP: 59/67 MP: 15/15
  8897 | D:6      | Reached skill level 5 in Fighting
  8994 | D:6      | Reached skill level 1 in Evocations
  9274 | D:6      | Found a hide-covered altar of Uskayaw.
 10132 | D:7      | Noticed a hippogriff
 10311 | D:6      | Killed a hippogriff
 10311 | D:6      | Reached skill level 1 in Short Blades
 10627 | D:7      | Reached *** piety under Kikubaaqudgha
 10627 | D:7      | Identified Kikubaaqudgha's Almanac of Evil Secrets
                  | (Kikubaaqudgha gifted it to you on level 7 of the Dungeon)
 10627 | D:7      | Received a gift from Kikubaaqudgha
 10742 | D:6      | Learned a level 4 spell: Animate Dead
 10745 | D:6      | Learned a level 2 spell: Sublimation of Blood
 10764 | D:7      | Reached skill level 6 in Fighting
 10927 | D:7      | Noticed a hippogriff
 10944 | D:7      | Killed a hippogriff
 11105 | D:7      | Reached XP level 10. HP: 55/76 MP: 12/16
 11504 | D:7      | Found a sparkling altar of Nemelex Xobeh.
 11934 | D:8      | Found a radiant altar of Vehumet.
 12179 | D:8      | Reached skill level 5 in Spellcasting
 12246 | D:8      | Reached skill level 5 in Polearms
 12420 | D:8      | Reached skill level 7 in Fighting
 12474 | D:8      | Reached **** piety under Kikubaaqudgha
 12531 | D:8      | Reached skill level 5 in Necromancy
 12724 | D:8      | Noticed Gastronok
 13056 | D:9      | Got a scorched war axe
 13057 | D:9      | Identified the +7 war axe of Premature Burial {holy, rPois
                  | rF- Int+7} (You found it on level 9 of the Dungeon)
 13347 | D:9      | Noticed Joseph
 13358 | D:9      | Killed Joseph
 13510 | D:9      | Noticed Grum
 13537 | D:9      | Reached XP level 11. HP: 71/82 MP: 0/19
 13957 | D:8      | Killed Gastronok
 13957 | D:8      | Reached skill level 8 in Fighting
 14060 | D:8      | Killed Grum
 14637 | D:9      | Found a blossoming altar of Fedhas.
 14638 | D:9      | Found a basalt altar of Yredelemnul.
 14873 | D:10     | Entered Level 10 of the Dungeon
 15322 | D:10     | Noticed Psyche
 15330 | D:10     | Killed Psyche
 15390 | D:10     | Noticed a frost giant
 17490 | D:11     | Noticed a manticore
 17491 | D:11     | Noticed a brown ugly thing
 17500 | D:10     | Noticed a two-headed ogre
 17522 | D:10     | Killed a two-headed ogre
 17522 | D:10     | Reached skill level 9 in Fighting
 17532 | D:10     | Killed a white ugly thing
 17532 | D:10     | Reached XP level 12. HP: 53/95 MP: 17/22
 18231 | D:11     | Found a staircase to the Lair.
 18257 | Lair:1   | Entered Level 1 of the Lair of Beasts
 18679 | Lair:1   | Identified a scroll of acquirement
 19021 | D:4      | Bought the +8 lance "Wyrmbane" {slay drac, rPois rF+ rC+
                  | AC+3} for 888 gold pieces
 19021 | D:4      | Found the +8 lance "Wyrmbane" {slay drac, rPois rF+ rC+
                  | AC+3}
 19047 | D:4      | Learned a level 6 spell: Simulacrum
 19535 | D:10     | Killed a frost giant
 19937 | D:11     | Reached skill level 10 in Polearms
 20161 | D:11     | Reached skill level 10 in Fighting
 20357 | D:11     | Learned a level 5 spell: Borgnjor's Vile Clutch
 21074 | Lair:2   | Found a gate leading to a gauntlet.
 21117 | Lair:2   | Found a staircase to the Snake Pit.
 21388 | Lair:2   | Reached XP level 13. HP: 97/103 MP: 23/23
 21425 | Lair:2   | Found a staircase to the Swamp.
 21890 | Lair:2   | Reached skill level 1 in Dodging
 22692 | Lair:4   | Noticed an eight-headed hydra
 23488 | Lair:4   | Killed an eight-headed hydra
 24238 | Lair:5   | You fall into a shaft and drop 1 floor!
 24238 | Lair:6   | Entered Level 6 of the Lair of Beasts
 24613 | Lair:5   | Reached skill level 1 in Earth Magic
 24949 | Lair:5   | Learned a level 5 spell: Dispel Undead
 24952 | Lair:5   | Learned a level 2 spell: Passwall
 25041 | Lair:6   | Reached XP level 14. HP: 65/111 MP: 21/26
 25183 | Lair:6   | Noticed Rupert
 25199 | Lair:6   | Killed Rupert
 25199 | Lair:6   | Reached skill level 5 in Armour
 25260 | Lair:6   | Reached skill level 11 in Fighting
 25271 | Lair:6   | Found a staircase to the Slime Pits.
 25273 | Lair:6   | Reached ***** piety under Kikubaaqudgha
 25311 | Lair:6   | Noticed Kirke
 25376 | Lair:6   | Killed Kirke
 26215 | Lair:6   | Reached skill level 5 in Dodging
 26484 | Lair:6   | Found a runed translucent door.
 26617 | Lair:6   | Paralysed by a hornet for 1 turns
 27150 | D:12     | Found a portal to a secret trove of treasure.
 27199 | D:12     | Found a staircase to the Orcish Mines.
 27328 | D:12     | Found Xeqymege's Antique Weapon Shop.
 27379 | D:12     | Bought the +7 lajatang of Order {silver, rMut} for 1001
                  | gold pieces
 27379 | D:12     | Found the +7 lajatang of Order {silver, rMut}
 27538 | D:12     | Got a spiked chain mail
 27543 | D:12     | Learned a level 3 spell: Spectral Weapon
 27605 | D:12     | Upgraded the game from 0.24-a0-416-g56ce517 to
                  | 0.24-a0-417-g1cce26a
 27711 | D:12     | Reached XP level 15. HP: 103/120 MP: 28/28
 27826 | D:12     | Reached skill level 1 in Hexes
 27874 | D:12     | Reached skill level 10 in Necromancy
 28369 | D:12     | Reached skill level 12 in Fighting
 28384 | D:12     | Found a roughly hewn altar of Beogh.
 28608 | D:13     | Found a frozen archway.
 28623 | D:13     | Reached ****** piety under Kikubaaqudgha
 28642 | IceCv    | Entered an ice cave
 28666 | IceCv    | Learned a level 2 spell: Shroud of Golubria
 28669 | IceCv    | Learned a level 2 spell: Song of Slaying
 28671 | IceCv    | Learned a level 1 spell: Corona
 28864 | IceCv    | Reached skill level 5 in Earth Magic
 28893 | IceCv    | Identified the +4 bardiche "Worm" {protect, rC+} (You found
                  | it in an ice cave)
 28930 | D:13     | Noticed Jorgrun
 28948 | D:13     | Received a gift from Kikubaaqudgha
 29002 | D:13     | Killed Jorgrun
 30345 | D:13     | Found a gate to the Vaults.
 30410 | Orc:1    | Entered Level 1 of the Orcish Mines
 30439 | Orc:1    | Reached skill level 10 in Spellcasting
 30550 | Orc:1    | Found Wary's Magic Scroll Emporium.
 30558 | Orc:1    | Bought a scroll of fear for 52 gold pieces
 30611 | D:12     | You paid a toll of 2 scrolls of acquirement to enter a
                  | treasure trove
 30612 | Trove    | Entered a treasure trove
 30622 | Trove    | Found the +8 trident of the Octopus King {venom, rElec
                  | rPois MR+}
 30630 | Trove    | Got a fine demon trident
 30633 | Trove    | Got an encrusted demon trident
 30657 | Trove    | Got a faintly glowing demon trident
 30659 | Trove    | Got a smoking shortbow
 30730 | D:12     | Identified the +6 demon trident of Strategic Superiority
                  | {freeze, rElec Str+6 Int+4} (You found it in a treasure
                  | trove)
 30731 | D:12     | Identified the +6 demon trident "Mutsod" {pierce, Str+5
                  | Stlth+} (You found it in a treasure trove)
 30734 | D:12     | Identified the +0 demon trident of Niqaef {elec, *Drain MR+
                  | Dex+3} (You found it in a treasure trove)
 30827 | Orc:1    | Noticed Sonja
 30849 | Orc:1    | Killed Sonja
 31227 | Orc:2    | Entered Level 2 of the Orcish Mines
 31297 | Orc:2    | Found a roughly hewn altar of Beogh.
 31433 | Orc:2    | Reached XP level 16. HP: 129/129 MP: 24/30
 31837 | Orc:2    | Found a staircase to the Elven Halls.
 31898 | Orc:2    | Found Zodepp's Magic Scroll Shop.
 31916 | Orc:2    | Bought a scroll of magic mapping for 45 gold pieces
 31928 | Orc:2    | Found Zuitzuit's Distillery.
 31942 | Orc:2    | Bought a potion of brilliance for 48 gold pieces
 31942 | Orc:2    | Bought a potion of resistance for 120 gold pieces
 31942 | Orc:2    | Bought a potion of heal wounds for 60 gold pieces
 31942 | Orc:2    | Bought a potion of curing for 36 gold pieces
 31942 | Orc:2    | Bought a potion of curing for 36 gold pieces
 31942 | Orc:2    | Bought a potion of heal wounds for 60 gold pieces
 31942 | Orc:2    | Bought a potion of curing for 36 gold pieces
 31942 | Orc:2    | Bought a potion of curing for 36 gold pieces
 31942 | Orc:2    | Bought a potion of curing for 36 gold pieces
 31967 | Orc:2    | Found a radiant altar of Vehumet.
 32017 | Orc:2    | Noticed Nergalle
 32052 | Orc:2    | Killed Nergalle
 32123 | Orc:2    | Found a roughly hewn altar of Beogh.
 32123 | Orc:2    | Found Ymyil's Book Shop.
 32123 | Orc:2    | Found Gitom's Antique Weapon Boutique.
 32566 | D:14     | Got a twisted buckler
 32577 | D:14     | Identified the +2 buckler of Zevvosk {Int+3} (You acquired
                  | it on level 14 of the Dungeon)
 32670 | D:14     | Found Qaemeski's Weapon Shoppe.
 32722 | D:14     | Noticed Louise
 32735 | D:14     | Killed Louise
 33096 | D:15     | Entered Level 15 of the Dungeon
 33581 | D:14     | Reached skill level 5 in Charms
 33777 | D:15     | Identified Sif Muna's Compendium of Intoxication
 34288 | D:15     | Found a staircase to the Depths.
 34769 | Swamp:1  | Entered Level 1 of the Swamp
 35459 | Swamp:1  | Noticed a thorn hunter
 35473 | Swamp:1  | Killed a thorn hunter
 35618 | Swamp:1  | Noticed a thorn hunter
 35635 | Swamp:1  | Killed a thorn hunter
 35635 | Swamp:1  | Reached skill level 13 in Fighting
 35635 | Swamp:1  | Reached XP level 17. HP: 116/136 MP: 23/31
 36350 | Swamp:2  | Found a runed translucent door.
 36351 | Swamp:2  | Noticed danspanner's ghost (journeyman GrFi)
 36659 | Swamp:2  | Killed danspanner's ghost
 36731 | Swamp:2  | Noticed a thorn hunter
 36752 | Swamp:2  | Killed a thorn hunter
 37275 | Swamp:2  | Reached skill level 10 in Dodging
 38566 | Swamp:4  | Entered Level 4 of the Swamp
 38566 | Swamp:4  | Noticed Mara
 40420 | Swamp:4  | Got a decaying rune of Zot
 40603 | Snake:1  | Entered Level 1 of the Snake Pit
 40611 | Snake:1  | Upgraded the game from 0.24-a0-417-g1cce26a to
                  | 0.24-a0-420-g24607be
 40756 | Snake:1  | Learned a level 3 spell: Inner Flame
 40763 | Snake:1  | Learned a level 6 spell: Death Channel
 40774 | Snake:1  | Found a runed translucent gate.
 40774 | Snake:1  | Found a runed translucent gate.
 40774 | Snake:1  | Found a runed translucent gate.
 40778 | Snake:1  | Noticed mezmerelda's ghost (journeyman TrMo)
 40792 | Snake:1  | Killed mezmerelda's ghost
 41285 | Snake:1  | Reached skill level 1 in Fire Magic
 41532 | Snake:1  | Reached XP level 18. HP: 128/143 MP: 32/34
 41607 | Snake:1  | Noticed Aizul
 41621 | Snake:1  | Killed Aizul
 41741 | Snake:1  | Found Naont's Gadget Emporium.
 41742 | Snake:1  | Found Hivox's Jewellery Boutique.
 41743 | Snake:1  | Found Viplilei's Gadget Emporium.
 41762 | Snake:1  | Bought the amulet "Suyrghina" {Gourm rElec} for 792 gold
                  | pieces
 41762 | Snake:1  | Bought the amulet of the Locust {Acrobat +Fly rC+ Dex+4}
                  | for 981 gold pieces
 42466 | Snake:2  | Noticed Asterion
 42508 | Snake:2  | Killed Asterion
 42969 | Snake:2  | Noticed Vashnia
 43022 | Snake:2  | Killed Vashnia
 43420 | Snake:3  | Reached skill level 14 in Fighting
 44300 | Snake:3  | Reached XP level 19. HP: 104/153 MP: 21/36
 44477 | Snake:4  | Entered Level 4 of the Snake Pit
 45086 | Snake:4  | Got a serpentine rune of Zot
 45419 | Snake:4  | Reached skill level 5 in Stealth
 46250 | Snake:4  | Noticed Nikola
 46268 | Snake:4  | Killed Nikola
 46695 | Vaults:1 | Entered Level 1 of the Vaults
 47045 | Vaults:1 | Reached XP level 20. HP: 161/161 MP: 34/38
 47221 | Vaults:1 | Reached skill level 15 in Fighting
 48636 | Vaults:1 | Learned a level 1 spell: Apportation
 48640 | Vaults:1 | Learned a level 3 spell: Vampiric Draining
 49102 | Vaults:2 | Noticed a Tzitzimitl
 49339 | Vaults:2 | Found a deep blue altar of Sif Muna.
 49396 | Vaults:2 | Reached skill level 15 in Spellcasting
 49414 | Vaults:2 | Found a staircase to the Crypt.
 50396 | Vaults:2 | Reached XP level 21. HP: 146/169 MP: 40/40
 51468 | Vaults:3 | Identified the Papyrus of Envenoming
 51475 | Vaults:3 | Learned a level 4 spell: Olgreb's Toxic Radiance
 51793 | Vaults:3 | Reached skill level 5 in Shields
 51846 | Vaults:3 | Identified Werexipp's Almanac of the Arsonist
 52310 | Orc:2    | Bought a book of Enchantments for 500 gold pieces
 52310 | Orc:2    | Bought a book of Transfigurations for 550 gold pieces
 52801 | Vaults:3 | Learned a level 6 spell: Deflect Missiles
 52807 | Vaults:3 | Learned a level 5 spell: Silence
 53421 | Vaults:3 | Noticed a bone dragon
 53454 | Vaults:3 | Killed a bone dragon
 53459 | Vaults:3 | Reached skill level 1 in Air Magic
 54069 | Vaults:3 | Identified the Handbook of Necromancy
 54200 | Vaults:3 | Identified Jableg's Guide on the Mountains
 54229 | Vaults:3 | You fall into a shaft and drop 1 floor!
 54261 | Vaults:4 | Identified the +5 shield "Goshy" {Str+5}
 54261 | Vaults:4 | Noticed Donald
 54480 | Vaults:4 | Reached skill level 16 in Fighting
 54572 | Vaults:4 | Reached skill level 15 in Necromancy
 54652 | Vaults:4 | Reached skill level 1 in Ice Magic
 54652 | Vaults:4 | Reached XP level 22. HP: 109/178 MP: 25/42
 54870 | Vaults:4 | Noticed a golden dragon
 54870 | Vaults:4 | an iron giant changed into a golden dragon
 54872 | Vaults:4 | a golden dragon changed into an iron dragon
 54892 | Vaults:4 | Noticed a caustic shrike
 54892 | Vaults:4 | an acid blob changed into a caustic shrike
 54896 | Vaults:4 | Killed a caustic shrike
 54896 | Vaults:4 | Reached skill level 5 in Ice Magic
 54905 | Vaults:4 | Killed Donald
 55582 | Vaults:5 | Entered Level 5 of the Vaults
 55593 | Vaults:5 | Noticed an ancient lich
 56261 | Vaults:4 | Killed an ancient lich
 56261 | Vaults:4 | Reached skill level 10 in Armour
 56566 | Vaults:4 | Reached skill level 10 in Stealth
 56575 | Vaults:4 | Learned a level 6 spell: Simulacrum
 56803 | Vaults:5 | Identified the +10 mace of Makhleb's Delight {crush, rC-
                  | rN+ Str+3}
 56895 | Vaults:5 | Reached skill level 10 in Ice Magic
 57019 | Vaults:5 | Identified the amulet "Ituoh" {RegenMP rC+++ MR- Int+4}
 57028 | Vaults:5 | Reached XP level 23. HP: 186/186 MP: 26/43
 57117 | Vaults:5 | Identified the Guide on the Dusty Glacier
 57161 | Vaults:5 | Noticed Frederick
 57188 | Vaults:5 | Killed Frederick
 57518 | Vaults:5 | Found Pemeipoa's General Store.
 57518 | Vaults:5 | Noticed an ancient lich
 57562 | Vaults:5 | Killed an ancient lich
 57660 | Vaults:5 | Bought a scroll of teleportation for 57 gold pieces
 57660 | Vaults:5 | Bought a scroll of enchant armour for 142 gold pieces
 57670 | Vaults:5 | Got a silver rune of Zot
 57928 | Vaults:5 | Found the +7 great mace "Undeadhunter" {disrupt, rN+}
 57962 | Vaults:5 | Noticed Margery
 57981 | Vaults:5 | Killed Margery
 58036 | Vaults:5 | Got a twitching steel amulet
 58037 | Vaults:5 | Identified the amulet "Izaetah" {Inacc rF+ Int-2 Dex+3
                  | Stlth+} (You found it on level 5 of the Vaults)
 58052 | Vaults:5 | Got a transparent marble ring
 58324 | Vaults:5 | Noticed a golden dragon
 58338 | Vaults:5 | Killed a golden dragon
 58364 | Vaults:5 | Reached skill level 17 in Fighting
 58414 | Vaults:5 | Noticed Bai Suzhen
 58432 | Vaults:5 | Identified the ring "Fosodd" {rF+ Str+3} (You found it on
                  | level 5 of the Vaults)
 58719 | Vaults:5 | Killed Bai Suzhen
 59580 | Orc:2    | Bought a scroll of immolation for 45 gold pieces
 59580 | Orc:2    | Bought a scroll of immolation for 45 gold pieces
 59580 | Orc:2    | Bought a scroll of amnesia for 45 gold pieces
 59580 | Orc:2    | Bought a scroll of fog for 26 gold pieces
 59580 | Orc:2    | Bought a scroll of immolation for 45 gold pieces
 59580 | Orc:2    | Bought a scroll of fear for 45 gold pieces
 59580 | Orc:2    | Bought a scroll of identify for 26 gold pieces
 59768 | Depths:1 | Entered Level 1 of the Depths
 59785 | Depths:1 | Found a runed translucent door.
 60120 | Depths:1 | Reached XP level 24. HP: 191/195 MP: 37/44
 60130 | Depths:1 | Found a one-way gate leading to the halls of Pandemonium.
 60130 | Depths:1 | Found a gateway to Hell.
 60503 | Depths:1 | Found Hadwotub's Assorted Antiques.
 60672 | Depths:1 | Found a corrupted altar of Lugonu.
 60673 | Depths:1 | Found a one-way gate to the infinite horrors of the Abyss.
 61124 | Depths:2 | Found Zidef's General Store.
 61134 | Depths:2 | Bought a +2 pair of gloves of dexterity for 236 gold pieces
 61134 | Depths:2 | Bought a potion of curing for 33 gold pieces
 61692 | Depths:3 | Noticed Mennas
 61721 | Depths:3 | Killed Mennas
 61749 | Depths:2 | HP: 9/195 [sixfirhy (3)]
 63124 | Depths:4 | Noticed a golden dragon
 63138 | Depths:4 | Killed a golden dragon
 63259 | Depths:4 | Reached skill level 15 in Stealth
 63374 | Depths:4 | Found Zileo's Food Shoppe.
 63378 | Depths:4 | Found Fawisch's Jewellery Emporium.
 63380 | Depths:4 | Bought a ration for 65 gold pieces
 63380 | Depths:4 | Bought a ration for 65 gold pieces
 63380 | Depths:4 | Bought a ration for 65 gold pieces
 63380 | Depths:4 | Bought a ration for 65 gold pieces
 63380 | Depths:4 | Bought a ration for 65 gold pieces
 63380 | Depths:4 | Bought a ration for 65 gold pieces
 63380 | Depths:4 | Bought a ration for 65 gold pieces
 63380 | Depths:4 | Bought a ration for 65 gold pieces
 63569 | Depths:4 | Reached skill level 5 in Air Magic
 63660 | Depths:4 | Reached XP level 25. HP: 202/202 MP: 44/44
 64249 | Depths:4 | Noticed a caustic shrike
 64266 | Depths:4 | Killed a caustic shrike
 64271 | Depths:4 | Noticed a caustic shrike
 64288 | Depths:4 | Killed a caustic shrike
 64798 | Depths:4 | Noticed a juggernaut
 64823 | Depths:4 | Killed a juggernaut
 64857 | Depths:4 | Identified the Almanac of Congealing Combat Magic
 65040 | Depths:4 | Noticed a juggernaut
 65041 | Depths:4 | Noticed an ancient lich
 65054 | Depths:4 | Killed an ancient lich
 65113 | Depths:3 | Killed a juggernaut
 65345 | Depths:4 | Got a scintillating silver amulet
 65346 | Depths:4 | Identified the amulet of the Cast Vote {Acrobat rC+++ MR+
                  | Dex-3 Slay+2} (You found it on level 4 of the Depths)
 65422 | Depths:5 | Entered Level 5 of the Depths
 65466 | Depths:5 | Found a gateway to a ziggurat.
 65666 | Depths:5 | Noticed a caustic shrike
 65668 | Depths:5 | Noticed a caustic shrike
 65668 | Depths:5 | Noticed a caustic shrike
 65675 | Depths:5 | Killed a caustic shrike
 65675 | Depths:5 | Reached skill level 18 in Fighting
 65678 | Depths:5 | Killed a caustic shrike
 65681 | Depths:5 | Killed a caustic shrike
 65779 | Depths:5 | Got a translucent lapis lazuli ring
 65780 | Depths:5 | Identified the ring of Tozxymy {rF- Str+7 Int+2} (You
                  | acquired it on level 5 of the Depths)
 66512 | Depths:5 | Found a gate to the Realm of Zot.
 66988 | Depths:5 | Reached XP level 26. HP: 172/211 MP: 28/44
 67006 | Depths:5 | Got an ancient turquoise ring
 67010 | Depths:5 | Identified the cursed ring of Korat {*Drain rF+++ rC+++
                  | AC-5 Str-4} (You found it on level 5 of the Depths)
 67333 | Elf:1    | Entered Level 1 of the Elven Halls
 68057 | Elf:1    | Noticed Frances
 68071 | Elf:1    | Killed Frances
 68409 | Elf:2    | Found Vileuj's Book Shoppe.
 68418 | Elf:2    | Found a deep blue altar of Sif Muna.
 68604 | Elf:2    | Found a runed translucent door.
 68613 | Elf:2    | Found a runed translucent door.
 68749 | Elf:2    | Reached skill level 10 in Charms
 69044 | Elf:3    | Entered Level 3 of the Elven Halls
 69684 | Elf:3    | Identified the +12 scythe "Meliwnyn" {slice, Int+4 Dex+4
                  | SInv}
 69713 | Elf:3    | Reached skill level 10 in Shields
 69875 | Elf:3    | Got a jewelled leather armour
 69876 | Elf:3    | Identified the +1 leather armour of Least Resistance {Dex+4
                  | Slay-5} (You found it on level 3 of the Elven Halls)
 70409 | Slime:1  | Entered Level 1 of the Pits of Slime
 71118 | Depths:1 | Voluntarily entered the Abyss.
 71119 | Abyss:1  | Found a corrupted altar of Lugonu.
 71308 | Abyss:1  | Reached XP level 27. HP: 202/219 MP: 45/45
 71447 | Abyss:1  | Gained mutation: You are clumsy. (Dex -2) [a neqoxec]
 71763 | Abyss:1  | Found a corrupted altar of Lugonu.
 72335 | Abyss:3  | Learned a level 8 spell: Infestation
 72499 | Abyss:3  | Paralysed by you for 3 turns
 72632 | Abyss:3  | Found a corrupted altar of Lugonu.
 72843 | Abyss:3  | Reached skill level 19 in Fighting
 72860 | Abyss:3  | Gained mutation: Scrolls take you a little longer to read.
                  | [a neqoxec]
 73470 | Abyss:3  | Got a smoking large shield
 73473 | Abyss:3  | Identified the +6 large shield "Eniatyaneam" {+Fly rC+
                  | Str+2 Slay+2} (You found it on level 3 of the Abyss)
 74006 | Abyss:3  | Gained mutation: You are very frail. (-20% HP) [a neqoxec]
 76150 | Abyss:4  | Paralysed by you for 2 turns
 76466 | Abyss:4  | Found a transporter.
 76505 | Abyss:4  | Got an abyssal rune of Zot
 76606 | Abyss:4  | Found a transporter.
 76670 | Abyss:4  | Found a transporter.
 76680 | Abyss:4  | Found a corrupted altar of Lugonu.
 76818 | Abyss:4  | Found a corrupted altar of Lugonu.
 76929 | Abyss:4  | Reached skill level 15 in Shields
 76947 | Depths:1 | Escaped the Abyss
 78026 | Depths:1 | Lost mutation: Scrolls take you a little longer to read.
                  | [potion of mutation]
 78026 | Depths:1 | Lost mutation: You are very frail. (-20% HP) [potion of
                  | mutation]
 78026 | Depths:1 | Lost mutation: You are clumsy. (Dex -2) [potion of
                  | mutation]
 78026 | Depths:1 | Gained mutation: You are clumsy. (Dex -2) [potion of
                  | mutation]
 78026 | Depths:1 | Lost mutation: You are clumsy. (Dex -2) [potion of
                  | mutation]
 78026 | Depths:1 | Gained mutation: You possess an exceptional clarity of
                  | mind. [potion of mutation]
 78222 | Zot:1    | Entered Level 1 of the Realm of Zot
 78637 | Zot:1    | Noticed an orb of fire
 78662 | Zot:1    | Gained mutation: You are frail. (-10% HP) [an orb of fire]
 78670 | Zot:1    | Killed an orb of fire
 78977 | Zot:1    | Reached skill level 20 in Fighting
 80577 | Zot:3    | Noticed an orb of fire
 80605 | Zot:3    | Killed an orb of fire
 82894 | Zot:4    | Reached skill level 21 in Fighting
 83229 | Zot:4    | Noticed an orb of fire
 83231 | Zot:4    | Lost mutation: You possess an exceptional clarity of mind.
                  | [an orb of fire]
 83239 | Zot:4    | Gained mutation: Your magical capacity is low. (-10% MP)
                  | [an orb of fire]
 83245 | Zot:4    | Gained mutation: You are clumsy. (Dex -2) [an orb of fire]
 83246 | Zot:4    | Gained mutation: You occasionally shout uncontrollably at
                  | your foes. [an orb of fire]
 83248 | Zot:4    | Killed an orb of fire
 83464 | Zot:4    | Learned a level 8 spell: Necromutation
 83947 | Crypt:1  | Entered Level 1 of the Crypt
 83985 | Crypt:1  | Reached skill level 1 in Transmutations
 84004 | Crypt:1  | Noticed Boris
 84058 | Crypt:1  | Killed Boris
 84251 | Crypt:1  | Noticed a greater mummy
 84254 | Crypt:1  | Noticed Khufu
 84264 | Crypt:1  | Killed a greater mummy
 84267 | Crypt:1  | Killed Khufu
 84350 | Crypt:1  | You fall into a shaft and drop 1 floor!
 84407 | Crypt:2  | Got a pair of warped gloves
 84408 | Crypt:2  | Identified the +2 pair of gloves of the Gate {rPois rF+
                  | MR++} (You found it on level 2 of the Crypt)
 84575 | Crypt:2  | Noticed Xtahua
 84584 | Crypt:2  | Killed Xtahua
 84638 | Crypt:2  | Noticed Boris
 84658 | Crypt:2  | Killed Boris
 85247 | Crypt:1  | Reached skill level 5 in Transmutations
 85819 | Crypt:3  | Entered Level 3 of the Crypt
 85984 | Crypt:3  | Noticed an ancient lich
 85989 | Crypt:3  | Killed an ancient lich
 85991 | Crypt:3  | Got an ancient bone ring
 85991 | Crypt:3  | Got a coiled bronze ring
 86001 | Crypt:3  | Got a slimy jade amulet
 86011 | Crypt:3  | Identified the amulet "Cotos" {Reflect Dex+2 SH+4} (You
                  | found it on level 3 of the Crypt)
 86013 | Crypt:3  | Identified the ring of the Final Nights {rF++ rN+ Dex+4}
                  | (You found it on level 3 of the Crypt)
 86014 | Crypt:3  | Identified the ring "Luaw" {rN+ Int+6} (You found it on
                  | level 3 of the Crypt)
 86018 | Crypt:3  | Got a faintly glowing tin amulet
 86019 | Crypt:3  | Identified the amulet "Bijawaef" {Inacc rElec rC+ Stlth-}
                  | (You found it on level 3 of the Crypt)
 86452 | Crypt:3  | Found an ancient bone altar of Kikubaaqudgha.
 86611 | Crypt:3  | Found a staircase to the Tomb.
 86735 | Crypt:3  | Identified the +4 great mace of Dall {flame, MP+9} (You
                  | found it on level 3 of the Crypt)
 86849 | Crypt:3  | Identified the Grimoire of Dust
 87730 | Crypt:3  | Got an ichor-stained shield
 87731 | Crypt:3  | Identified the cursed -9 shield "Lechikeq" {Str+4} (You
                  | found it on level 3 of the Crypt)
 88068 | Hell     | Entered the Vestibule of Hell
 88068 | Hell     | Noticed Geryon
 88105 | Hell     | Gained mutation: Your body sometimes deteriorates upon
                  | taking damage. [a cacodemon]
 88350 | Hell     | Killed Geryon
 88474 | Hell     | Found a gateway to the ashen valley of Gehenna.
 88539 | Hell     | Found a gateway to the Iron City of Dis.
 88610 | Hell     | Found a gateway to the freezing wastes of Cocytus.
 88679 | Hell     | Found a gateway to the decaying netherworld of Tartarus.
 88788 | Coc:1    | Entered Level 1 of Cocytus
 88819 | Tar:1    | Entered Level 1 of Tartarus
 88854 | Geh:1    | Entered Level 1 of Gehenna
 89561 | Geh:2    | Reached skill level 10 in Transmutations
 90830 | Geh:6    | Killed from afar by a hellion

Levels and vault maps discovered:
D:1:      scummos_arrival_forest, layout_basic
D:2:      layout_basic, gammafunk_temple_overflow_statue, uniq_jessica
D:3:      layout_rooms, grunt_temple_overflow_order_and_chaos_2,
          chequers_ecumenical_altar_lobes, small_statue_intersection,
          uniq_sigmund
D:4:      layout_cave_pools, serial_shops, shop, serial_column_ruins,
          column_ruins_square_large, column_ruins_corridor_straight,
          column_ruins_open_small, column_ruins_grid_1,
          column_ruins_open_small_water, column_ruins_open_tiny,
          column_ruins_open_small, feat_on_display
D:5:      kennysheep_slugbush, layout_loops_cross,
          nicolae_overflow_crystal_walls, first_ration, basic_altar
D:6:      layout_basic, lemuel_doored_altar, minmay_temple_entry_butterflies,
          serial_bayou_pond_b, nicolae_xom_altar_mimics, uniq_prince_ribbit1
D:7:      layout_rooms, nemelex_xobeh_ov_fountains_minmay
D:8:      layout_rooms, lemuel_round_altar, david_nohive_1,
          hangedman_decor_lopped, uniq_gastronok
D:9:      layout_roguey, nicolae_overflow_hidden_temple, minmay_misc_feat_iff,
          uniq_grum, uniq_joseph
D:10:     minmay_coctagon, layout_small_grid, uniq_psyche
D:11:     layout_loops_ring, erik_lair_orcish_takeover,
          chequers_serial_rivers_small_3, nooodl_orcs_dogs
D:12:     minmay_the_grid_square_5x5_5x5 [minmay_the_grid_square_5x5_lines,
          minmay_the_grid_square_5x5_longway,
          minmay_the_grid_square_5x5_broken_cross,
          minmay_the_grid_square_5x5_empty, minmay_the_grid_square_5x5_eight,
          minmay_the_grid_square_5x5_detours,
          minmay_the_grid_square_5x5_prize_pseudospiral,
          minmay_the_grid_square_5x5_tie, minmay_the_grid_square_5x5_prize_open,
          minmay_the_grid_square_5x5_three,
          minmay_the_grid_square_5x5_doubleslash,
          minmay_the_grid_square_5x5_shrine2,
          minmay_the_grid_square_5x5_prize_snowflake,
          minmay_the_grid_square_5x5_empty,
          minmay_the_grid_square_5x5_fancy_junction,
          minmay_the_grid_square_5x5_percent,
          minmay_the_grid_square_5x5_prize_rear_guard,
          minmay_the_grid_square_5x5_n, minmay_the_grid_square_5x5_prize_itemx,
          minmay_the_grid_square_5x5_dogpile, minmay_the_grid_square_5x5_bridge,
          minmay_the_grid_square_5x5_corner, minmay_the_grid_square_5x5_inset,
          minmay_the_grid_square_5x5_bracketed,
          minmay_the_grid_square_5x5_fat_x], layout_long_grid, david_orc_3,
          enter_trove_2, special_room [special_room_orc], serial_shops,
          shop_fountains, fountainhead
D:13:     layout_roguey, hangedman_vaults_entry_quadrant_bands,
          portal_ice_cave_entry_ice_beasts, uniq_jorgrun
D:14:     layout_roguey, serial_shops, shop, uniq_louise
D:15:     grunt_enter_depths_hoard, layout_basic, nrook_mini_vaults
Lair:1:   statuecave_lemuel, layout_gridlike, dpeg_stationary_puzzle
Lair:2:   layout_cave_shapes, minmay_swamp_entry_swarm,
          minmay_snake_entry_six_corridors, gauntlet_entry_generic
Lair:3:   layout_hall_layers, serial_bayou_shore_b, infiniplex_staircase_pool
Lair:4:   layout_long_grid, beast_lair_carwin_3, grunt_megastairs_1,
          serial_bayou_shore_a
Lair:5:   layout_loops_ring
Lair:6:   wormcave, layout_cave_pods, guppyfry_lair_end_dragon,
          minmay_slime_entry_eyes, uniq_rupert, uniq_kirke
Swamp:1:  layout_falls_marsh, evilmike_swamp_ruin_house_3
Swamp:2:  layout_basic_swamp, ebering_ghost_inner_flame,
          evilmike_swamp_ruin_house_2, swamp_pool1
Swamp:3:  layout_basic_swamp, hangedman_swamp_ruin_wall
Swamp:4:  swamp_pestilence, layout_basic_swamp, swamp_pool1, uniq_mara
Snake:1:  layout_gridlike, ebering_ghost_rock_garden, minmay_shop_grove,
          grunt_megastairs_3, uniq_aizul
Snake:2:  layout_chambers, special_room, uniq_asterion, uniq_vashnia
Snake:3:  layout_misc_corridors, evilmike_ambush [evilmike_ambush_outer_pillars,
          evilmike_ambush_inner_basic], serial_bayou_shore_b, grunt_megastairs_4
Snake:4:  snake_hunt, layout_cave_town, grunt_ministairs_2, serial_bayou_pond_a,
          minmay_snake_pond, uniq_nikola
Slime:1:  layout_caves
Slime:2:  layout_caves, cheibrodos_slime_lost_civilization_7
Slime:3:  layout_caves
Orc:1:    layout_diamond_mine, serial_shops, shop, uniq_sonja
Orc:2:    kennysheep_orc_mage_school, layout_caves, basic_altar, mines2_lemuel
Elf:1:    eino_elf_arrival_sip, layout_loops_cross, hangedman_elf_disciples,
          uniq_frances
Elf:2:    layout_geoelf_grid, serial_shops, shop, basic_altar
Elf:3:    minmay_elf_hall_hex, layout_geoelf_octagon
Vaults:1: st_diamondy, hangedman_vaults_snaps, vaults_dpeg_ring, v_misc_12,
          vaults_room_pool, dpeg_vaults_monster_box, hangedman_vaults_trim,
          hangedman_vaults_corner_blocks, vaults_room_fours,
          ontoclasm_vaults_idyll, nicolae_vaults_little_squares_4,
          nicolae_vaults_little_squares_3, layout_vaults_omnigrid
Vaults:2: v_alt_pattern_5, nicolae_vaults_three_branches,
          ontoclasm_vaults_ring_large, nicolae_vaults_little_squares_3,
          ontoclasm_vaults_fault, nicolae_vaults_specimen_jars,
          grunt_vaults_funnel, vaults_room_corners,
          minmay_crypt_entry_simple_sparse, v_misc_27, vaults_room_fancy_cross,
          st_smaller_cells, hangedman_vaults_trim, nicolae_vaults_theta,
          layout_vaults_big_cross, basic_altar
Vaults:3: vaults_dpeg_spiral, hangedman_vaults_nails,
          nicolae_vaults_network_quinsquares
          [nicolae_vaults_network_quincunx_subvault,
          nicolae_vaults_network_quincunx_subvault,
          nicolae_vaults_network_quincunx_subvault,
          nicolae_vaults_network_quincunx_subvault],
          nicolae_vaults_network_star, v_misc_24, vaults_room_door_ring,
          vaults_room_pool, vaults_dpeg_diagonal,
          ontoclasm_vaults_decontamination, nicolae_vaults_little_squares_6,
          nicolae_vaults_diagonal_hallway_7, layout_vaults_omnibox,
          serial_hangedman_research, hangedman_research_toxicology,
          hangedman_research_pyrotechnics, hangedman_research_geology,
          hangedman_research_thanatology
Vaults:4: v_misc_11, v_misc_25, vaults_room_door_hall, v_rooms_3,
          nicolae_vaults_sealed_display, st_hourglassy,
          layout_vaults_maze_snakey, uniq_donald
Vaults:5: uniq_frederick, uniq_bai_suzhen, uniq_margery
Crypt:1:  layout_catacombs, serial_sigils_hangedman_gut, grunt_megastairs_2,
          uniq_khufu, uniq_boris
Crypt:2:  layout_basic, uniq_xtahua
Crypt:3:  evilmike_haunted_forest
Depths:1: layout_forbidden_donut, hellmouth_3, abyss_entry_flame_altar,
          pan_entry, serial_bayou_pond_d, minmay_hidden_floor, minmay_shop_star
Depths:2: kennysheep_funnel, layout_cave_pools, serial_shops,
          nicolae_shop_window_shopping, minmay_misc_feat_nine_boxes, hell_entry,
          infiniplex_staircase_pool_2
Depths:3: kennysheep_spiral_hall, layout_cave_shapes, pf_coc_iceberg,
          rand_demon_pan_entry_4, serial_bayou_pond_c, minmay_variable_closet,
          grunt_ministairs_9, infiniplex_staircase_zigzag_2, uniq_mennas
Depths:4: minmay_tearing_corner, layout_basic, hell_entry,
          grunt_pan_entry_spiral, hangedman_abyss_entry_splay,
          hangedman_abyss_or_decor_passed, minmay_shoptagon,
          serial_bayou_shore_b, infiniplex_staircase_door_maze
Depths:5: grunt_zot_entry_bicorn, layout_long_grid, enter_ziggurat_a,
          hell_entry, nicolae_lava_and_water, kennysheep_underground_church
Hell
Geh:1:    layout_gehenna_pools_triple
Geh:2:    layout_gehenna_pools_box
Geh:3:    layout_gehenna_pools_box
Geh:4:    layout_gehenna_lava_caves
Geh:5:    layout_gehenna_lava_caves
Geh:6:    layout_gehenna_pools_basic
Coc:1:    layout_cocytus_water_paths
Tar:1:    layout_honeycomb
Zot:1:    layout_misc_corridors
Zot:2:    layout_cathedral_of_symmetry, st_stairs_8
Zot:3:    layout_cathedral_of_symmetry, hangedman_zot_diagonal_lockstep,
          nicolae_zot_crop_circle
Zot:4:    layout_gridlike, skrybe_zot_glass_3

Skill      XL: |  1  2  3  4  5  6  7  8  9 10 11 12 13 14 15 16 17 18 19 20 21 22 23 24 25 26 27 |
---------------+----------------------------------------------------------------------------------+-----
Conjurations   | 1 2 |  2.5
Spellcasting   | 2 3 4 5 6 8 9 10 12 13 14 15 16 17 18 20 | 20.8
Poison Magic   | 3 4 |  4.5
Fighting       | 3 4 6 7 9 10 11 12 13 14 15 16 17 18 21 | 21.5
Necromancy     | 2 3 5 6 7 8 9 10 11 12 13 14 15 16 17 20 | 20.4
Charms         | 1 2 4 5 6 8 9 10 11 | 11.2
Polearms       | 1 3 5 8 11 12 13 | 13.8
Armour         | 2 4 6 7 9 10 | 10.0
Shields        | 2 4 5 7 8 10 15 | 15.0
Evocations     | 3 |  3.6
Short Blades   | 2 |  2.1
Dodging        | 3 5 7 9 11 13 14 | 14.2
Earth Magic    | 1 3 5 7 8 |  8.0
Hexes          | 1 3 4 |  4.0
Fire Magic     | 1 2 |  2.0
Stealth        | 3 6 8 10 12 15 16 | 16.4
Air Magic      | 2 5 7 8 |  8.7
Ice Magic      | 1 10 12 | 12.3
Transmutations | 12 | 12.7
Axes           | |  3.0
Throwing       | |  1.0

Action                   |  1- 3 |  4- 6 |  7- 9 | 10-12 | 13-15 | 16-18 | 19-21 | 22-24 | 25-27 || total
-------------------------+-------+-------+-------+-------+-------+-------+-------+-------+-------++-------
Melee: Dagger            |     9 |     4 |   208 |    44 |       |       |       |       |       ||   265
       Short sword       |     6 |    51 |       |       |       |       |       |       |       ||    57
       Scythe            |       |    16 |   140 |       |       |       |       |       |       ||   156
       Trident           |       |       |       |   382 |       |       |       |       |       ||   382
       War axe           |       |       |       |    92 |       |       |       |       |       ||    92
       Lance             |       |       |       |   245 |  1430 |  1169 |  1410 |  1186 |  3896 ||  9336
       Unarmed           |       |       |       |       |     5 |       |       |       |       ||     5
       Demon trident     |       |       |       |       |    41 |   146 |       |       |       ||   187
       Staff             |       |       |       |       |       |    18 |       |       |     1 ||    19
       Lajatang          |       |       |       |       |       |       |       |       |     7 ||     7
Throw: Dart              |       |     1 |     1 |    23 |     2 |       |       |     1 |       ||    28
 Cast: Sting             |    44 |    72 |   208 |   286 |     2 |       |       |       |       ||   612
       Animate Skeleton  |       |       |     3 |    33 |    49 |    20 |    25 |    29 |    40 ||   199
       Regeneration      |       |       |       |    50 |    38 |    56 |    44 |    36 |    83 ||   307
       Animate Dead      |       |       |       |    18 |    34 |    42 |    58 |    43 |    64 ||   259
       Spectral Weapon   |       |       |       |       |    28 |    31 |    35 |    26 |    87 ||   207
       Borgnjor's Vile C |       |       |       |       |    19 |   123 |    73 |    67 |   111 ||   393
       Dispel Undead     |       |       |       |       |     2 |    40 |     9 |    13 |    24 ||    88
       Shroud of Golubri |       |       |       |       |     4 |    15 |    11 |     5 |     3 ||    38
       Inner Flame       |       |       |       |       |       |     7 |     2 |       |       ||     9
       Death Channel     |       |       |       |       |       |    10 |    45 |    43 |    68 ||   166
       Song of Slaying   |       |       |       |       |       |     4 |     5 |       |       ||     9
       Corona            |       |       |       |       |       |       |     1 |       |       ||     1
       Simulacrum        |       |       |       |       |       |       |       |     7 |    10 ||    17
       Vampiric Draining |       |       |       |       |       |       |       |     5 |     1 ||     6
       Deflect Missiles  |       |       |       |       |       |       |       |     1 |    18 ||    19
       Passwall          |       |       |       |       |       |       |       |       |     1 ||     1
       Silence           |       |       |       |       |       |       |       |       |     1 ||     1
       Infestation       |       |       |       |       |       |       |       |       |   177 ||   177
       Apportation       |       |       |       |       |       |       |       |       |     3 ||     3
Invok: Receive Corpses   |       |       |       |    17 |    21 |    18 |    18 |    21 |    27 ||   122
       Receive Necronomi |       |       |       |       |     1 |       |       |       |       ||     1
       Torment           |       |       |       |       |       |     3 |       |       |       ||     3
Evoke: Wand              |       |       |     4 |    45 |    19 |     4 |     1 |     2 |     5 ||    80
       Phantom mirror    |       |       |       |       |       |       |       |     1 |       ||     1
  Use: Scroll            |     1 |     1 |    11 |    17 |    11 |    10 |    18 |    11 |    27 ||   107
       Potion            |       |     1 |     5 |    13 |     7 |     8 |     9 |     9 |    25 ||    77
 Stab: Paralysed         |       |       |    18 |    39 |       |       |       |       |       ||    57
       Invisible         |       |       |     2 |       |       |       |       |       |       ||     2
       Sleeping          |       |       |     1 |       |     3 |       |     5 |     7 |    33 ||    49
       Distracted        |       |       |       |     9 |    16 |    13 |    34 |    30 |    94 ||   196
       Confused          |       |       |       |       |       |     5 |       |       |       ||     5
       Fleeing           |       |       |       |       |       |       |     1 |       |       ||     1
       Petrified         |       |       |       |       |       |       |       |       |     2 ||     2
  Eat: Chunk             |     3 |     6 |    12 |    18 |    33 |    37 |    55 |    61 |   108 ||   333
       Ration            |       |     1 |     4 |    11 |     5 |     8 |     1 |       |    14 ||    44
Armor: Leather armour    |     2 |    13 |    85 |   292 |    72 |       |       |       |       ||   464
       Robe              |     1 |       |       |       |       |       |       |       |       ||     1
       Scale mail        |       |    26 |   112 |       |       |       |       |       |       ||   138
       Ring mail         |       |       |    85 |       |    19 |       |       |       |       ||   104
       Skin              |       |       |       |    24 |       |       |       |       |       ||    24
       Chain mail        |       |       |       |    21 |       |       |       |       |       ||    21
       Fire dragon scale |       |       |       |       |   282 |   398 |   357 |   119 |       ||  1156
       Steam dragon scal |       |       |       |       |    10 |       |       |       |       ||    10
       Quicksilver drago |       |       |       |       |       |       |       |   119 |   645 ||   764
Dodge: Dodged            |    16 |    76 |   322 |   351 |   401 |   422 |   425 |   364 |  1004 ||  3381
       Deflected         |       |       |       |       |       |       |       |       |   118 ||   118
Block: Buckler           |       |       |    30 |   184 |   163 |   262 |   211 |   212 |   332 ||  1394
       Reflection        |       |       |       |       |       |       |       |     2 |     2 ||     4
       Shield            |       |       |       |       |       |       |       |       |   764 ||   764

Table legend:
 A = Non-vault XP
 B = Vault XP
 C = Vault XP percentage of total XP
 D = Non-vault monster count
 E = Vault monster count
 F = Vault count percentage of total count
                 A         B        C        D         E       F
            +---------+---------+-------+---------+---------+-------
      Total | 1031530 |  704262 |  40.6 |    2353 |    1080 |  31.5
            +---------+---------+-------+---------+---------+-------
        D:1 |      38 |      37 |  49.3 |      20 |       1 |   4.8
        D:2 |     153 |       0 |   0.0 |      27 |       0 |   0.0
        D:3 |     231 |     227 |  49.6 |      35 |       1 |   2.8
        D:4 |     333 |       0 |   0.0 |      27 |       0 |   0.0
        D:5 |     731 |      24 |   3.2 |      18 |       6 |  25.0
        D:6 |     922 |     370 |  28.6 |      14 |       2 |  12.5
        D:7 |    1285 |       0 |   0.0 |      16 |       0 |   0.0
        D:8 |    1135 |    2760 |  70.9 |      29 |      20 |  40.8
        D:9 |    1401 |     603 |  30.1 |      15 |       2 |  11.8
       D:10 |    2859 |    3470 |  54.8 |      21 |       8 |  27.6
       D:11 |    3694 |    1668 |  31.1 |      24 |      19 |  44.2
       D:12 |    3061 |   17679 |  85.2 |      17 |      62 |  78.5
       D:13 |    7842 |    7650 |  49.4 |      54 |      27 |  33.3
       D:14 |    5021 |    1493 |  22.9 |      22 |       1 |   4.3
       D:15 |   14419 |    2051 |  12.5 |      60 |       2 |   3.2
     Lair:1 |    1755 |     104 |   5.6 |      10 |       2 |  16.7
     Lair:2 |    5625 |    1833 |  24.6 |      16 |      16 |  50.0
     Lair:3 |    1828 |     336 |  15.5 |       9 |       1 |  10.0
     Lair:4 |    5212 |    1634 |  23.9 |      14 |       7 |  33.3
     Lair:5 |    4549 |       0 |   0.0 |      25 |       0 |   0.0
     Lair:6 |    6706 |   13697 |  67.1 |      34 |      47 |  58.0
    Swamp:1 |   14676 |       0 |   0.0 |      30 |       0 |   0.0
    Swamp:2 |    9093 |    1487 |  14.1 |      16 |       2 |  11.1
    Swamp:3 |    8918 |       0 |   0.0 |      27 |       0 |   0.0
    Swamp:4 |    1419 |   11703 |  89.2 |       7 |      40 |  85.1
    Snake:1 |   14765 |    5329 |  26.5 |      32 |      10 |  23.8
    Snake:2 |    9195 |    9443 |  50.7 |      16 |       7 |  30.4
    Snake:3 |   25828 |   14237 |  35.5 |      63 |      25 |  28.4
    Snake:4 |   11823 |   35176 |  74.8 |      22 |      63 |  74.1
    Slime:1 |     814 |       0 |   0.0 |       3 |       0 |   0.0
    Slime:2 |    3080 |       0 |   0.0 |      13 |       0 |   0.0
    Slime:3 |     274 |       0 |   0.0 |       1 |       0 |   0.0
      Orc:1 |    1956 |     795 |  28.9 |      22 |       1 |   4.3
      Orc:2 |    3022 |    7330 |  70.8 |      30 |      32 |  51.6
      Elf:1 |   12304 |   10702 |  46.5 |      21 |      14 |  40.0
      Elf:2 |    6294 |   24860 |  79.8 |       9 |      30 |  76.9
      Elf:3 |   14909 |   49449 |  76.8 |      29 |      39 |  57.4
   Vaults:1 |   31704 |   22437 |  41.4 |      67 |      40 |  37.4
   Vaults:2 |   33217 |   21388 |  39.2 |      77 |      40 |  34.2
   Vaults:3 |   25014 |   35077 |  58.4 |      54 |      66 |  55.0
   Vaults:4 |   34463 |   37951 |  52.4 |      75 |      25 |  25.0
   Vaults:5 |   16683 |  108965 |  86.7 |      49 |      86 |  63.7
    Crypt:1 |   20548 |   15177 |  42.5 |      37 |       7 |  15.9
    Crypt:2 |   15181 |    2297 |  13.1 |      26 |       1 |   3.7
    Crypt:3 |       0 |   55820 | 100.0 |       0 |     106 | 100.0
   Depths:1 |   30440 |    9964 |  24.7 |      64 |      23 |  26.4
   Depths:2 |   19098 |    2326 |  10.9 |      32 |       2 |   5.9
   Depths:3 |   20107 |   21012 |  51.1 |      29 |      13 |  31.0
   Depths:4 |   38529 |   58733 |  60.4 |      45 |      35 |  43.8
   Depths:5 |   35508 |   22368 |  38.6 |      37 |      20 |  35.1
       Hell |   14670 |   24544 |  62.6 |      29 |      60 |  67.4
      Geh:1 |   13332 |       0 |   0.0 |      26 |       0 |   0.0
      Geh:2 |   19529 |       0 |   0.0 |      60 |       0 |   0.0
      Geh:3 |   18722 |       0 |   0.0 |      43 |       0 |   0.0
      Geh:4 |    8658 |       0 |   0.0 |      23 |       0 |   0.0
      Geh:5 |   12137 |       0 |   0.0 |      28 |       0 |   0.0
      Geh:6 |    4083 |       0 |   0.0 |      10 |       0 |   0.0
      Zot:1 |   53012 |       0 |   0.0 |      40 |       0 |   0.0
      Zot:2 |   40833 |    4302 |   9.5 |      32 |       3 |   8.6
      Zot:3 |   47403 |    3360 |   6.6 |      29 |       2 |   6.5
      Zot:4 |   35663 |       0 |   0.0 |      17 |       0 |   0.0
    Abyss:1 |   36980 |       0 |   0.0 |      67 |       0 |   0.0
    Abyss:2 |    6423 |       0 |   0.0 |       7 |       0 |   0.0
    Abyss:3 |  132890 |    3751 |   2.7 |     334 |      27 |   7.5
    Abyss:4 |   59533 |   25430 |  29.9 |     168 |      26 |  13.4
      IceCv |       0 |    3213 | 100.0 |       0 |      11 | 100.0
            +---------+---------+-------+---------+---------+-------
